 Dungeon Crawl Stone Soup version 0.28-a0-577-gb193047a1f (webtiles) character file.

Game seed: 8807468596148888827

35 Demosthentine the Poker (level 3, 0/28 HPs)
             Began as a Merfolk Gladiator on Oct 2, 2021.
             Succumbed to an adder's poison
             ... on level 2 of the Dungeon.
             The game lasted 00:00:44 (720 turns).

Demosthentine the Poker (Merfolk Gladiator)          Turns: 720, Time: 00:00:45

Health: 0/28       AC:  5    Str: 15    XL:     3   Next: 33%
Magic:  3/3        EV: 13    Int:  7    God:
Gold:   42         SH:  0    Dex: 15    Spells: 2/2 levels left

rFire   + . .      SeeInvis .   a - +0 trident
rCold   + . .      Faith    .   (no shield)
rNeg    . . .      Spirit   .   b - +0 leather armour
rPois   +          Reflect  .   c - +0 helmet
rElec   +          Harm     .   (no cloak)
rCorr   +          Rampage  .   (no gloves)
Will    .....                   i - +0 pair of boots
Stlth   +.........              (no amulet)
HPRegen 0.09/turn               (no ring)
MPRegen 0.08/turn               (no ring)

@: lethally poisoned (0 -> -3), resistant
A: (nimble swimmer 2), mertail
a: no special abilities


You were on level 2 of the Dungeon.
You visited 1 branch of the dungeon, and saw 2 of its levels.

You collected 42 gold pieces.

Inventory:

Hand Weapons
 a - a +0 trident (weapon)
Missiles
 d - 3 throwing nets (quivered)
Armour
 b - a +0 leather armour (worn)
 c - a +0 helmet (worn)
 i - a +0 pair of boots (worn)
Scrolls
 f - a scroll of enchant weapon {unknown}
 g - a scroll of immolation {unknown}
 h - 2 scrolls of identify {unknown}
Potions
 e - a potion of resistance


   Skills:
 + Level 2.7 Fighting
 + Level 4.9 Polearms
 - Level 2.0 Throwing
 + Level 0.8 Armour
 + Level 4.5 Dodging


You had 2 spell levels left.
You didn't know any spells.
Your spell library was empty.

Dungeon Overview and Level Annotations

Branches:
Dungeon (1/15)

Altars:


Innate Abilities, Weirdness & Mutations

((You are quick and stealthy near water. (Stealth+, EV+, Speed+++)))
Your lower body shifts to a powerful aquatic tail in water.


Message History

The adder poisons you!
You miss the adder.
You feel sick. The adder barely misses you. The adder bites you.
Unknown command.
You feel sick.
You miss the adder.
You feel sick. The adder bites you but does no damage. The adder bites you.
You completely miss the adder.
You feel sick. The adder bites you.
You are more poisoned.
The adder poisons you!
You closely miss the adder.
You feel sick. The adder closely misses you.
You hit the adder.
The adder is moderately wounded.
You feel sick. The adder bites you.
You are lethally poisoned!
The adder poisons you! The adder barely misses you.
You are too injured to fight recklessly!
You are too injured to fight recklessly!
You hit the adder.
The adder is heavily wounded.
You feel very sick. The adder barely misses you.
You miss the adder.
The adder is heavily wounded.
* * * LOW HITPOINT WARNING * * *
You feel sick. The adder barely misses you. The adder bites you.
* * * LOW HITPOINT WARNING * * *
You hit the adder.
You kill the adder!
* * * LOW HITPOINT WARNING * * *
You feel sick. The adder bites you but does no damage.
You hit the adder.
The adder is lightly wounded.
* * * LOW HITPOINT WARNING * * *
You feel sick. The adder bites you.
* * * LOW HITPOINT WARNING * * *
Unknown command.
It was a potion of resistance.
You feel protected.
You die...

######.#####.#################
#.# #.# #.# #.# #.# #.# #.#
#.# ####### #.# #.# .......
#.# #.# .$$.... #.#
#.#####....... #....@S)......
# #######....... # ....... ##
####.## .# # .## ..# ..# ..#


You could see an adder.

Vanquished Creatures
  A gnoll (D:1)
  An adder (D:2)
  3 endoplasms
  A giant cockroach (D:1)
  A goblin (D:2)
  A hobgoblin (D:1)
  3 jackals (D:1)
  3 ball pythons
  A bat (D:1)
  A kobold (D:2)
16 creatures vanquished.

Notes
Turn   | Place    | Note
-------+----------+-------------------------------------------
     0 | D:1      | Demosthentine the Merfolk Gladiator began the quest for the
                  | Orb.
     0 | D:1      | Reached XP level 1. HP: 16/16 MP: 1/1
    16 | D:1      | Found a faded altar of an unknown god.
   111 | D:1      | Reached XP level 2. HP: 12/23 MP: 2/2
   545 | D:1      | You fall into a shaft and drop 1 floor!
   612 | D:2      | Reached XP level 3. HP: 28/28 MP: 3/3
   719 | D:2      | HP: 1/28 [adder (2)]
   720 | D:2      | Succumbed to an adder's poison

Illustrated notes

Levels and vault maps discovered:
D:1:      dpeg_arrival_court, layout_basic, hellmonk_ecumenical_altar_run_dry
D:2:      layout_basic

Action                   || total
-------------------------++-------
Melee: Trident           ||    56
  Use: Potion            ||     1
 Stab: Distracted        ||     1
Armor: Leather armour    ||    20
Dodge: Dodged            ||    35

Table legend: (Time is in decaauts)
 A = Elapsed time spent in this place.
 B = Non-inter-level travel time spent in this place.
 C = Inter-level travel time spent in this place.
 D = Time resting spent in this place.
 E = Time spent auto-exploring this place.
 F = Levels seen in this place.
 G = Mean time per level.
                   A        B        C        D        E       F      G
               +--------+--------+--------+--------+--------+-----+--------+
         Total |    723 |    723 |      0 |      0 |    610 |   2 |  361.5 |
       Dungeon |    723 |    723 |      0 |      0 |    610 |   2 |  361.5 |
               +--------+--------+--------+--------+--------+-----+--------+

Top non-repeatable levels by time:
     D:1: 547 daAuts
     D:2: 175 daAuts
